 Dungeon Crawl Stone Soup version 0.27.1-4-g1640c2035a (webtiles) character file.

Game seed: 8778176421346795019

7506 Crownlay the Carver (level 10, -7/81 HPs)
             Began as a Minotaur Gladiator on Oct 31, 2021.
             Was a High Priest of Okawaru.
             Mangled by a two-headed ogre (19 damage)
             ... on level 11 of the Dungeon.
             The game lasted 00:15:49 (11179 turns).

Crownlay the Carver (Minotaur Gladiator)           Turns: 11179, Time: 00:15:50

Health: -7/81      AC:  7    Str: 29    XL:     10   Next: 95%
Magic:  10/15      EV: 18    Int:  5    God:    Okawaru [*****.]
Gold:   574        SH:  6    Dex: 11    Spells: 9/9 levels left

rFire    . . .     SeeInvis .   I - +3 long sword (freeze)
rCold    + . .     Faith    .   g - +0 buckler
rNeg     . . .     Spirit   .   v - +1 leather armour {rC+}
rPois    .         Reflect  .   c - +0 hat
rElec    .         Harm     .   C - +0 cloak
rCorr    .         Rampage  .   (no gloves)
Will     .....                  w - +0 pair of boots
Stlth    ++........             (no amulet)
HPRegen  0.23/turn              e - +4 ring of evasion
MPRegen  0.14/turn              y - +6 ring of strength

@: heroic, finesse-ful
A: horns 2, retaliatory headbutt
a: Renounce Religion, Heroism, Finesse


You were on level 11 of the Dungeon.
You worshipped Okawaru.
Okawaru was extremely pleased with you.
You visited 1 branch of the dungeon, and saw 10 of its levels.

You collected 574 gold pieces.

Inventory:

Hand Weapons
 a - a +0 long sword of venom
 I - a +3 long sword of freezing (weapon)
Missiles
 z - 5 javelins (quivered)
Armour
 c - a +0 hat (worn)
 g - a +0 buckler (worn)
 v - a +1 leather armour of cold resistance (worn)
 w - a +0 pair of boots (worn)
 C - a +0 cloak (worn)
 F - a +1 leather armour of willpower
Jewellery
 e - a +4 ring of evasion (left hand)
 q - a ring of flight
 y - a +6 ring of strength (right hand)
Wands
 r - a wand of polymorph (11)
 D - a wand of iceblast (9)
 H - a wand of mindburst (12)
 K - a wand of flame (19)
 L - a wand of digging (7)
Scrolls
 b - a scroll of enchant armour {unknown}
 f - a scroll of holy word {unknown}
 h - a scroll of fear {unknown}
 i - 2 scrolls of identify
 k - a scroll of silence {unknown}
 m - a scroll of noise {unknown}
 n - a scroll of amnesia {unknown}
 p - a scroll of immolation {unknown}
 s - 2 scrolls of blinking
 u - a scroll of summoning {unknown}
 x - a scroll of enchant weapon {unknown}
 A - 3 scrolls of magic mapping
Potions
 j - a potion of resistance {unknown}
 l - 2 potions of lignification
 o - 2 potions of mutation
 t - a potion of ambrosia {unknown}
 B - 3 potions of flight
 E - 2 potions of curing {unknown}
 G - a potion of haste {unknown}
 J - 2 potions of magic {unknown}


   Skills:
 - Level 5.0(10.0) Fighting
 - Level 14.0(19.0) Long Blades
 - Level 2.0(7.0) Throwing
 - Level 3.2(8.2) Dodging
 - Level 4.0(9.0) Shields
 - Level 8.0 Invocations
 + Level 6.7 Evocations


You had 9 spell levels left.
You didn't know any spells.
Your spell library contained the following spells:

 Spells                   Type           Power      Damage    Failure   Level
 Freeze                   Ice            0%         1d3       52%         1
 Pain                     Necr           0%         1d4       52%         1
 Blink                    Tloc           N/A        N/A       65%         2
 Corpse Rot               Necr/Air       N/A        N/A       65%         2
 Poisonous Vapours        Pois/Air       0%         N/A       65%         2
 Static Discharge         Conj/Air       0%         N/A       65%         2
 Call Canine Familiar     Summ           0%         N/A       87%         3
 Frozen Ramparts          Ice            0%         1d2       87%         3
 Gell's Gravitas          Tloc           0%         N/A       87%         3
 Ignite Poison            Fire/Tmut/Pois 0%         N/A       87%         3
 Inner Flame              Hex/Fire       0%         N/A       87%         3
 Lesser Beckoning         Tloc           0%         N/A       87%         3
 Teleport Other           Tloc           0%         N/A       87%         3
 Animate Armour           Summ/Erth      0%         N/A       99%         4
 Dispel Undead            Necr           0%         3d6       99%         4
 Hailstorm                Conj/Ice       0%         3d3       99%         4
 Sticky Flame             Conj/Fire      0%         2d3       99%         4
 Freezing Cloud           Conj/Ice/Air   0%         6-21      100%        5
 Manifold Assault         Tloc           0%         N/A       100%        5
 Dispersal                Tloc           0%         N/A       100%        6
 Simulacrum               Ice/Necr       0%         N/A       100%        6
 Monstrous Menagerie      Summ           0%         N/A       100%        7


Dungeon Overview and Level Annotations

Branches:
Dungeon (9/15)             Temple (0/1) D:6            Lair (0/6) D:8
    Orc (0/2) D:9

Altars:
Ashenzari
Cheibriados
Dithmenos
Fedhas
Kikubaaqudgha
Nemelex Xobeh
Okawaru
Qazlal
Ru
Trog
Vehumet
Xom
Zin
The Shining One

Shops:
D:4 (

Annotations:
D:7 1 runed translucent door, exclusion: statue, Setanta's ghost, novice GnFi


Innate Abilities, Weirdness & Mutations

You have a pair of horns on your head.
You reflexively headbutt those who attack you in melee.


Message History

You hit the boulder beetle but do no damage.
You headbutt the boulder beetle, but do no damage.
The boulder beetle is heavily wounded.
The boulder beetle bites you!
You slash the boulder beetle! You freeze the boulder beetle.
The boulder beetle is severely wounded.
You slash the boulder beetle! You freeze the boulder beetle.
You headbutt the boulder beetle, but do no damage.
The boulder beetle is almost dead.
The boulder beetle bites you!!
You are too injured to fight recklessly!
You are too injured to fight recklessly!
You hit the boulder beetle but do no damage.
You headbutt the boulder beetle.
The boulder beetle is almost dead.
The boulder beetle bites you!
* * * LOW HITPOINT WARNING * * *
You hit the boulder beetle but do no damage.
The boulder beetle is almost dead.
You hit the boulder beetle but do no damage.
You headbutt the boulder beetle!
The boulder beetle is almost dead.
The boulder beetle bites you!
* * * LOW HITPOINT WARNING * * *
You slash the boulder beetle! You freeze the boulder beetle.
You kill the boulder beetle!
Okawaru is honoured by your kill.
Your Evocations skill increases to level 6!
A two-headed ogre comes into view. It is wielding two +0 giant clubs.
Okay, then.
You can now deal lightning-fast blows.
The two-headed ogre shouts in stereo!
You slice the two-headed ogre!! You freeze the two-headed ogre!
The two-headed ogre is heavily wounded.
You hear a shout!
You hear two shouts!
You hear a shout!
You hear two shouts! x2
You hear a shout!
You slash the two-headed ogre! You freeze the two-headed ogre.
The two-headed ogre is almost dead.
The two-headed ogre hits you with a +0 giant club!!
You die...

..........#
#.........)#
#..........#
...........#
#..........#
..........#
....○)....#
####†...##
#.O@....#
#.####### +.
#. #. #. #.
##


You could see a two-headed ogre.

Vanquished Creatures
  A boulder beetle (D:11)
  A troll (D:11)
  A shadow (D:6)
  A vampire (D:9)
  A wraith (D:9)
  14 yaks
  3 wyverns
  2 steam dragons
  A water moccasin (D:4)
  3 black bears
  2 orc warriors (D:8)
  2 necrophages
  An ogre (D:5)
  2 phantoms (D:4)
  A kobold brigand (D:9)
  7 bullfrogs
  4 scorpions
  A wyvern zombie (D:9)
  10 killer bees
  4 wights (D:8)
  4 howler monkeys
  A bullfrog zombie (D:7)
  A centaur zombie (D:7)
  2 hounds
  5 orc priests
  A jelly (D:8)
  A gnoll shaman (D:6)
  2 iguanas
  10 orc wizards
  A killer bee zombie (D:7)
  A hound skeleton (D:4)
  A howler monkey zombie (D:6)
  4 adders
  7 gnolls
  A white imp (D:8)
  2 ufetubi (D:5)
  An adder skeleton (D:4)
  A worm (D:2)
  2 dart slugs
  24 orcs
  3 ball pythons
  4 endoplasms
  8 giant cockroaches
  5 goblins
  9 hobgoblins
  5 jackals
  4 quokkas
  3 bats (D:1)
  A frilled lizard (D:1)
  11 kobolds
  9 rats
196 creatures vanquished.

Vanquished Creatures (others)
  16 fungi (D:8)
  14 plants (D:8)
30 creatures vanquished.

Grand Total: 226 creatures vanquished

Notes
Turn   | Place    | Note
-------+----------+-------------------------------------------
     0 | D:1      | Crownlay the Minotaur Gladiator began the quest for the
                  | Orb.
     0 | D:1      | Reached XP level 1. HP: 18/18 MP: 0/0
    81 | D:1      | Reached skill level 4 in Long Blades
   334 | D:1      | Reached XP level 2. HP: 24/25 MP: 1/1
   803 | D:1      | Got Sif Muna's Guide on Igneous Creation
   924 | D:1      | Reached XP level 3. HP: 31/31 MP: 2/2
  2410 | D:3      | Reached skill level 5 in Long Blades
  2517 | D:3      | Reached skill level 1 in Shields
  2571 | D:3      | Reached XP level 4. HP: 38/38 MP: 3/3
  2685 | D:3      | Found a glowing silver altar of Zin.
  2906 | D:3      | Found an iron altar of Okawaru.
  2907 | D:3      | Found a bloodstained altar of Trog.
  2907 | D:3      | Found a snail-covered altar of Cheibriados.
  2909 | D:3      | Found a stormy altar of Qazlal.
  2924 | D:3      | Became a worshipper of Warmaster Okawaru
  3147 | D:4      | Noticed a scorpion
  3166 | D:4      | Killed a scorpion
  3167 | D:4      | Reached XP level 5. HP: 11/46 MP: 4/4
  3496 | D:4      | Noticed a necrophage
  3503 | D:4      | Killed a necrophage
  3504 | D:4      | Reached skill level 6 in Long Blades
  3504 | D:4      | Reached XP level 6. HP: 49/52 MP: 5/5
  3791 | D:4      | Reached * piety under Okawaru
  4031 | D:4      | Found Aliap's Weapon Boutique.
  4049 | D:4      | Reached skill level 7 in Long Blades
  4171 | D:4      | Reached skill level 5 in Fighting
  4171 | D:4      | Reached XP level 7. HP: 57/61 MP: 6/6
  4372 | D:4      | Found an ancient bone altar of Kikubaaqudgha.
  4490 | D:5      | Entered Level 5 of the Dungeon
  4525 | D:4      | Reached skill level 8 in Long Blades
  4525 | D:4      | Reached skill level 1 in Invocations
  4939 | D:5      | Reached ** piety under Okawaru
  4967 | D:5      | Found a sacrificial altar of Ru.
  5094 | D:5      | Got the Catalogue of Stolen Souls and Transmigration
  5514 | D:6      | Found a glowing golden altar of the Shining One.
  5530 | D:6      | Reached skill level 9 in Long Blades
  5666 | D:6      | Found a staircase to the Ecumenical Temple.
  5806 | D:6      | Reached XP level 8. HP: 67/68 MP: 9/9
  6543 | D:6      | Reached skill level 10 in Long Blades
  6619 | D:6      | Reached *** piety under Okawaru
  6620 | D:6      | Reached skill level 11 in Long Blades
  7179 | D:7      | Found a radiant altar of Vehumet.
  7281 | D:7      | Reached skill level 5 in Invocations
  7281 | D:7      | Reached XP level 9. HP: 73/74 MP: 11/11
  7347 | D:7      | Found a broken altar of Ashenzari.
  7360 | D:7      | Found a shadowy altar of Dithmenos.
  7977 | D:7      | Noticed a +0 falchion of chaos
  7978 | D:7      | Found a runed translucent door.
  7978 | D:7      | Found a shimmering altar of Xom.
  7978 | D:7      | Noticed Setanta's ghost (novice GnFi)
  8153 | D:8      | Reached skill level 12 in Long Blades
  8613 | D:8      | HP: 1/73 [wight (13)]
  8742 | D:8      | Reached skill level 1 in Evocations
  8907 | D:8      | Reached **** piety under Okawaru
  8907 | D:8      | Received a gift from Okawaru
  8908 | D:8      | Reached skill level 13 in Long Blades
  9302 | D:8      | Reached XP level 10. HP: 40/81 MP: 14/14
  9870 | D:8      | Found a staircase to the Lair.
 10075 | D:9      | Reached skill level 14 in Long Blades
 10504 | D:9      | Reached ***** piety under Okawaru
 10630 | D:9      | Found a sparkling altar of Nemelex Xobeh.
 10665 | D:9      | Reached skill level 5 in Evocations
 10730 | D:9      | Noticed a two-headed ogre
 10730 | D:9      | Noticed a cyclops
 11002 | D:9      | Found a blossoming altar of Fedhas.
 11121 | D:9      | Found a staircase to the Orcish Mines.
 11142 | D:9      | You fall into a shaft and drop 2 floors!
 11143 | D:11     | Noticed a boulder beetle
 11174 | D:11     | Killed a boulder beetle
 11176 | D:11     | Noticed a two-headed ogre
 11179 | D:11     | Mangled by a two-headed ogre

Illustrated notes

Levels and vault maps discovered:
D:1:      ncdulo_wetmaze, layout_loops_corners, chequers_serial_rivers_micro_b
D:2:      layout_basic
D:3:      layout_loops_cross, mainiacjoe_overflow_24_doors,
          chequers_temple_overflow_statue_of_worship, kennysheep_generic_room_11
D:4:      kennysheep_spiral_hall, layout_cave_pools,
          mainiacjoe_overflow_alcove_1, serial_shops, nicolae_shop_waterfront
D:5:      layout_loops_cross, lemuel_tele_altar
D:6:      minmay_chambers_of_sixes, layout_basic, tso_metal_star,
          minmay_temple_entry_statues_fountains
D:7:      layout_basic, vehumet_statue, mainiacjoe_overflow_large_starburst,
          ebering_ghost_xom
D:8:      layout_loops_ring, grunt_lair_entry_orc_guard_hut,
          minmay_misc_feat_diagonals
D:9:      minmay_the_grid_four_pointed_star
          [minmay_the_grid_triangle_9x9_tough_junction,
          minmay_the_grid_triangle_9x9_semitri,
          minmay_the_grid_triangle_9x9_cache,
          minmay_the_grid_triangle_9x9_shrine, minmay_the_grid_prize_big_room],
          layout_loops_ring, fedhas_altar_2, general_overflow_altar,
          orc_0_dummy, corexii_checkpoint_a, minmay_misc_feat_ornament
D:11:     layout_roguey, serial_shops, nicolae_shop_overgrown_old_shop,
          onia_ninara_dug_in_and_dangerous

Skill      XL: |  1  2  3  4  5  6  7  8  9 10 |
---------------+-------------------------------+-----
Long Blades    | 4 5 6 7 9 11 13 14 | 14.0
Fighting       | 3 4 5 |  5.0
Shields        | 1 2 3 4 |  4.0
Invocations    | 2 5 6 8 |  8.0
Evocations     | 2 6 |  6.7
Throwing       | |  2.0
Dodging        | |  3.2

Action                   |  1- 3 |  4- 6 |  7- 9 | 10-12 || total
-------------------------+-------+-------+-------+-------++-------
Melee: Long sword        |    75 |    88 |   298 |   140 ||   601
       Headbutt          |    10 |    26 |    77 |    37 ||   150
Throw: Throwing net      |       |       |     4 |     2 ||     6
Invok: Heroism           |       |       |     1 |     5 ||     6
       Finesse           |       |       |       |     1 ||     1
  Use: Scroll            |       |       |    11 |     1 ||    12
       Potion            |       |       |     2 |       ||     2
 Stab: Sleeping          |     1 |     2 |       |       ||     3
       Held in net/web   |       |       |     1 |     1 ||     2
Armor: Leather armour    |    12 |       |    41 |    11 ||    64
       Robe              |     2 |     7 |     4 |       ||    13
Dodge: Dodged            |    58 |    66 |   172 |    58 ||   354
Block: Buckler           |     2 |     8 |    48 |    20 ||    78
       Rpst.: Long sword |    14 |    16 |    49 |    16 ||    95
